 Dungeon Crawl Stone Soup version 0.30-a0-1103-g25895a7845 (webtiles) character file.

Game seed: 1119212178851695779

43 porpoise the Vexing (level 3, 0/24 HPs)
             Began as a Formicid Enchanter on Apr 19, 2023.
             Succumbed to an adder's poison
             ... on level 3 of the Dungeon.
             The game lasted 00:09:27 (1446 turns).

porpoise the Vexing (Formicid Enchanter)            Turns: 1446, Time: 00:09:28

Health: 0/24       AC:  2    Str: 12    XL:     3   Next: 82%
Magic:  2/7        EV: 12    Int: 14    God:
Gold:   125        SH:  0    Dex: 16    Spells: 2/7 levels left

rFire   . . .      SeeInvis +    j - +1 whip (venom)
rCold   . . .      Faith    .    (no shield)
rNeg    . . .      Spirit   .    b - +0 robe
rPois   +          Reflect  .    (helmet unavailable)
rElec   .          Rampage  .    (no cloak)
rCorr   .                        (no gloves)
Will    .....                    (no boots)
Stlth   +++                      (no amulet)
HPRegen 0.24/turn                h - ring of poison resistance
MPRegen 0.10/turn                (no ring)

@: lethally poisoned (0 -> -5), invisible
A: permanent stasis, dig shafts and tunnels, antennae 3, four strong arms
a: Dig, Shaft Self


You were on level 3 of the Dungeon.
You visited 1 branch of the dungeon, and saw 3 of its levels.

You collected 125 gold pieces.

Inventory:

Hand Weapons
 a - a +1 dagger
 j - a +1 whip of venom (weapon)
Armour
 b - a +0 robe (worn)
Jewellery
 h - a ring of poison resistance (left hand)
 i - a ring of protection from fire
Scrolls
 d - a scroll of torment {unknown}
 f - 2 scrolls of identify
 g - a scroll of teleportation {unknown}
Potions
 c - a potion of invisibility
 e - a potion of flight


   Skills:
 - Level 2.0 Short Blades
 - Level 1.7 Dodging
 - Level 3.6 Stealth
 + Level 2.7 Spellcasting
 + Level 4.1 Hexes
 + Level 1.2 Ice Magic


You had 2 spell levels left.
You knew the following spells:

 Your Spells              Type           Power      Damage    Failure   Level
a - Confusing Touch       Hex            13%        N/A       12%         3
e - Ensorcelled Hibernat  Hex/Ice        18%        N/A       11%         2

Your spell library contained the following spells:

 Spells                   Type           Power      Damage    Failure   Level
 Beastly Appendage        Tmut           2%         N/A       22%         1
 Wereblood                Tmut           1%         N/A       32%         2
 Tukima's Dance           Hex            13%        N/A       12%         3
 Dazzling Flash           Conj/Hex       14%        N/A       28%         3
 Spider Form              Tmut/Pois      1%         N/A       54%         3
 Animate Dead             Necr           1%         N/A       91%         4
 Borgnjor's Vile Clutch   Necr/Erth      0%         N/A       99%         5
 Death Channel            Necr           0%         N/A       100%        6


Dungeon Overview and Level Annotations

Branches:
Dungeon (3/15)

Altars:

Shops:
D:1 [

Annotations:
D:2 Natasha


Innate Abilities, Weirdness & Mutations

You cannot be hasted, slowed, berserked, paralysed or teleported.
You can dig through walls and to a lower floor.
You have a pair of large antennae on your head. (SInv)
Your four strong arms can wield two-handed weapons with a shield.


Message History

The adder resists with significant effort.
The adder misses you.
The hobgoblin hits you but does no damage.
You closely miss the adder. The adder misses you. x2
The hobgoblin closely misses you.
You barely miss the adder. Your punch misses the adder. The adder misses you.
The hobgoblin hits you but does no damage.
You miss the adder. The adder bites you but does no damage.
You closely miss the adder. The hobgoblin hits you. The adder bites you.
You barely miss the adder. The hobgoblin closely misses you.
The adder barely misses you.
Your +1 whip of venom begins to drip with poison!
j - a +1 whip of venom (weapon)
The adder bites you but does no damage. The hobgoblin hits you.
You hit the adder but do no damage. The adder barely misses you.
The hobgoblin misses you.
You miss the adder. The adder bites you. The hobgoblin barely misses you.
The adder bites you but does no damage.
You barely miss the adder. The adder bites you but does no damage.
The hobgoblin barely misses you.
You hit the adder but do no damage. The adder barely misses you.
The hobgoblin barely misses you. The adder misses you.
You barely miss the adder. The hobgoblin hits you. The adder bites you.
* * * LOW HITPOINT WARNING * * *
You hit the adder.
The adder is moderately wounded.
The adder bites you but does no damage. The hobgoblin barely misses you.
You closely miss the adder.
The adder is moderately wounded.
The adder barely misses you. The hobgoblin barely misses you.
The adder bites you.
* * * LOW HITPOINT WARNING * * *
You are lethally poisoned!
The adder poisons you!
You fade into invisibility!
* * * LOW HITPOINT WARNING * * *
You feel sick. The hobgoblin closely misses you. The adder misses you.
You hit the adder.
The adder is poisoned.
The adder is moderately wounded.
You die...

.# #..####....#.....# .#.#
{ ###..#.#....#.....# ..#.#
{ #..###.#....#....†#
#..#.# ###..#..#....#.....#
.#..#.##..###.##..........+
#.#..#.##..#.. ####.......#
#.#..#..###.# #.......#
#.#.....#)g### #.......# {
#.#..###@S..# #.......#
##.#..#..##.# #.......#
##..##...# #...$...#
##.'..#...# #.#.......
################.#.######
#..............#.#.#
#.####..#####.##.#.# ###
#..# #......# #..
#..#......#.#.####.#


You could see an adder (unable to see you, very poisoned) and a hobgoblin
(unable to see you).

Vanquished Creatures
  A worm (D:2)
  A dart slug (D:3)
  An orc (D:3)
  2 ball pythons (D:1)
  2 bats (D:1)
  2 endoplasms (D:1)
  2 giant cockroaches
  4 goblins
  2 hobgoblins (D:1)
  4 jackals (D:1)
  A quokka (D:1)
  2 frilled lizards
  6 kobolds
  4 rats (D:1)
34 creatures vanquished.

Vanquished Creatures (others)
  A plant (D:3)
1 creature vanquished.

Grand Total: 35 creatures vanquished

Notes
Turn   | Place    | Note
-------+----------+-------------------------------------------
     0 | D:1      | porpoise the Formicid Enchanter began the quest for the
                  | Orb.
     0 | D:1      | Reached XP level 1. HP: 13/13 MP: 3/3
   148 | D:1      | Reached XP level 2. HP: 19/19 MP: 5/5
   151 | D:1      | Learned a level 2 spell: Ensorcelled Hibernation
   508 | D:1      | Found Zonai's Armour Shop.
   561 | D:1      | Found a faded altar of an unknown god.
   591 | D:1      | Reached XP level 3. HP: 24/24 MP: 6/6
   595 | D:1      | Learned a level 3 spell: Confusing Touch
   742 | D:1      | Reached skill level 1 in Ice Magic
   854 | D:1      | Reached skill level 4 in Hexes
  1215 | D:2      | Noticed Natasha
  1445 | D:3      | HP: 1/24 [poisoned by an adder]
  1446 | D:3      | Succumbed to an adder's poison

Illustrated notes

Levels and vault maps discovered:
D:1:      dpeg_arrival_concentric_ovals, layout_loops_ring,
          ebering_ecumenical_altar_rust, serial_shops, shop, st_stairs_8
D:2:      layout_loops_cross, uniq_natasha
D:3:      minmay_razor_zed, layout_basic, portal_sewer_entry_e, corexii_shack,
          grunt_decor_mini_mirrors, dreamdust_wishing_well

Skill      XL: |  1  2  3 |
---------------+----------+-----
Short Blades   | 2 |  2.0
Ice Magic      | 1 |  1.2
Hexes          | 4 |  4.1
Dodging        | |  1.7
Stealth        | |  3.6
Spellcasting   | |  2.7

Action                     || total
---------------------------++-------
  Melee: Dagger            ||   111
         Whip              ||     8
   Cast: Ensorcelled Hiber ||    17
    Use: Scroll            ||     1
         Potion            ||     1
   Stab: Sleeping          ||    15
 Armour: Robe              ||    23
  Dodge: Dodged            ||    71

Table legend: (Time is in decaauts)
 A = Elapsed time spent in this place.
 B = Non-inter-level travel time spent in this place.
 C = Inter-level travel time spent in this place.
 D = Time resting spent in this place.
 E = Time spent auto-exploring this place.
 F = Levels seen in this place.
 G = Mean time per level.
                   A        B        C        D        E       F      G
               +--------+--------+--------+--------+--------+-----+--------+
         Total |   1434 |   1397 |     37 |    300 |    707 |   3 |  478.0 |
       Dungeon |   1434 |   1397 |     37 |    300 |    707 |   3 |  478.0 |
               +--------+--------+--------+--------+--------+-----+--------+

Top non-repeatable levels by time:
     D:1: 1040 daAuts
     D:3: 220 daAuts
     D:2: 173 daAuts
